 Dungeon Crawl Stone Soup version 0.17-a0-1479-g4041c36 (webtiles) character file.

719 amnekian the Insei (level 7, -1/43 HPs)
             Began as an Octopode Transmuter on July 3, 2015.
             Was a Follower of Cheibriados.
             Killed by divine providence
             ... invoked by an orc priest
              (11 damage)
             ... on level 7 of the Dungeon.
             The game lasted 00:37:31 (7060 turns).

amnekian the Insei (Octopode Transmuter)            Turns: 7060, Time: 00:37:32

Health: -1/43      AC:  2    Str: 11    XL:     7   Next: 70%
Magic:  2/10       EV: 20    Int: 17    God:    Cheibriados [*.....]
Gold:   345        SH:  0    Dex: 22    Spells: 4 memorised, 0 levels left

rFire  . . .     SeeInvis .       - Unarmed
rCold  . . .     Clarity  +     (shield currently unavailable)
rNeg   . . .     SustAt   .     (helmet currently unavailable)
rPois  x         Gourm    .     H - amulet of clarity
rElec  .         Spirit   .     (no ring)
rCorr  .         Warding  .     (no ring)
rMut   .         Stasis   .     (no ring)
MR     .....                    (no ring)
Stlth  ++++......               (no ring)
                                (no ring)
                                (no ring)
                                (no ring)

@: spider-form, very slow, not resistant to hostile enchantments, stealthy
A: almost no armour, amphibious, 8 rings, (constrict 8), (camouflage 0),
(gelatinous body 0)
a: End Transformation, Bend Time, Renounce Religion


You were on level 7 of the Dungeon.
You worshipped Cheibriados.
Cheibriados was aware of your devotion.
You were hungry.
You were a venomous arachnid creature.
You visited 2 branches of the dungeon, and saw 8 of its levels.

You collected 345 gold pieces.

Inventory:

Hand weapons
 I - a +2 hand axe of electrocution
Missiles
 a - 59 arrows
 d - 139 stones
 l - 10 arrows of dispersal
 s - a throwing net (quivered)
 v - 5 tomahawks
 x - 6 needles of confusion
 E - 14 poisoned needles
 G - 21 sling bullets
Armour
 i - a +2 hat (melded)
 r - a +0 buckler
Jewellery
 q - an uncursed amulet of guardian spirit
 y - an uncursed amulet of stasis {unknown}
 z - an uncursed ring of ice
 H - an amulet of clarity (around neck)
Magical devices
 u - a wand of enslavement (13)
Scrolls
 c - a scroll of immolation
 h - 3 scrolls of remove curse
 j - 2 scrolls of enchant weapon
 k - a scroll of torment {unknown}
 p - 3 scrolls of teleportation
 w - a scroll of fog
Potions
 e - 4 potions of flight
 f - a potion of haste
 m - 2 potions of cancellation
 n - a potion of agility {unknown}
 o - a potion of curing
 B - a potion of invisibility
 C - a potion of brilliance {unknown}
 D - a potion of resistance {unknown}
Books
 b - a book of Changes

   Spells                             Type                      Level
   a - Beastly Appendage              Transmutation                1
   b - Sticks to Snakes               Transmutation                2
   c - Spider Form                    Transmutation/Poison         3
   d - Ice Form                       Ice/Transmutation            4
   e - Blade Hands                    Transmutation                5
 F - a book of Cantrips

   Spells                             Type                      Level
   a - Corona                         Hexes                        1
   b - Animate Skeleton               Necromancy                   1
   c - Summon Small Mammal            Summoning                    1
   d - Apportation                    Translocation                1
Comestibles
 g - a meat ration
 t - 3 bread rations
 A - 2 chunks of flesh


   Skills:
 - Level 1.0 Fighting
 - Level 2.0 Dodging
 - Level 4.2 Stealth
 - Level 5.9 Unarmed Combat
 - Level 2.0 Spellcasting
 * Level 2.4 Transmutations
 * Level 3.8 Ice Magic
 - Level 4.0 Poison Magic


You couldn't memorise any spells.
You knew the following spells:

 Your Spells              Type           Power        Failure   Level  Hunger
a - Beastly Appendage     Trmt           #.....       24%         1    #......
b - Sticks to Snakes      Trmt           #.........   32%         2    ###....
c - Spider Form           Trmt/Pois      ##........   36%         3    ###....
d - Ice Form              Ice/Trmt       ##......     78%         4    #####..


Dungeon Overview and Level Annotations

Branches:
Dungeon (7/15)             Temple (1/1) D:6

Altars:
Cheibriados
Fedhas
Gozag
Kikubaaqudgha
Okawaru
Ru
Sif Muna
Vehumet
Xom
Zin
The Shining One

Shops:
D:7 (

Annotations:
D:3 hexophile's ghost, average NaWz
D:4 exclusions: ogre and phantom, Sigmund
D:5 pulse's ghost, experienced FoBe
D:6 exclusions: orc and orc priest
D:7 exclusions: 3 doors, zombie and 1 more exclusion


Innate Abilities, Weirdness & Mutations

You cannot wear most types of armour.
You are amphibious.
You can wear up to eight rings at the same time.
((You can use your tentacles to constrict eight enemies at once.))
((Your skin changes colour to match your surroundings (Stealth).))
((Your rubbery body absorbs attacks (AC +1).))


Message History

Your ball python dies!
Casting: Sticks to Snakes
Confirm with . or Enter, or press ? or * to list all spells.
You create a snake!
You are feeling hungry.
The orc priest's eyes start to glow.
Quiver which item? (- for none, * to show all) (? for menu, Esc to quit)
Quivering
s - a throwing net for throwing.
You can't do that in your present form.
Your transformation has ended.
Your +2 hat unmelds from your body.
The ogre closely misses you.
Casting: Sticks to Snakes
Confirm with . or Enter, or press ? or * to list all spells.
You turn into a venomous arachnid creature.
Your +2 hat melds into your body.
The ogre misses you.
You hear a shout!
The ogre closely misses you.
The orc priest calls down the wrath of Beogh upon you.
Something smites you!
You die...

......$......o.......
.............#.....#.
#.#....####(#.......
#.#......o)[......## ###
## #.#...o#######.....c
..# # #.##.#....# .#####
###.#.# #.#.#....# .#
..#.#.### #...O...# .#
.........# ##..s.###
>...#.# #.###>########
....#.####.#.#...<...#
....#.#......#.#####.#####
....#.#.##.#......##.....#
##....#.##........##.###.#
#......∩...###.##......#.#
##..###.#### #.##.##.#.#.#
#...###.### #...........##


You could see an ogre and an orc priest.

Vanquished Creatures
  A centaur (D:7)
  3 giant frogs
  2 orc wizards
  Ijyb (D:2)
  3 orc priests
  Jessica (D:2)
  3 worker ants
  3 gnolls (D:2)
  5 adders
  2 oozes
  6 giant geckos
  16 orcs
  3 ball pythons
  A bat zombie (D:5)
  10 giant cockroaches
  8 goblins
  8 hobgoblins
  5 jackals
  5 kobolds
  13 bats
  5 giant newts
  A goblin zombie (D:7)
  A jackal zombie (D:5)
  An orc zombie (D:7)
  3 quokkas
  A quokka skeleton (D:4)
  6 rats
117 creatures vanquished.

Notes
Turn   | Place    | Note
--------------------------------------------------------------
     0 | D:1      | amnekian the Octopode Transmuter began the quest for the Orb.
     0 | D:1      | Reached XP level 1. HP: 13/13 MP: 3/3
    13 | D:1      | Reached skill level 1 in Stealth
   404 | D:1      | Reached XP level 2. HP: 18/18 MP: 3/5
  1047 | D:1      | Reached XP level 3. HP: 23/23 MP: 4/6
  1256 | D:1      | Reached skill level 4 in Stealth
  1461 | D:2      | Noticed Ijyb
  1486 | D:2      | Learned a level 2 spell: Sticks to Snakes
  1490 | D:2      | Learned a level 3 spell: Spider Form
  1539 | D:2      | Noticed Jessica
  2122 | D:2      | Killed Ijyb
  2122 | D:2      | Reached XP level 4. HP: 28/28 MP: 3/7
  2549 | D:3      | Found a deep blue altar of Sif Muna.
  2956 | D:3      | Reached XP level 5. HP: 25/33 MP: 4/8
  2971 | D:3      | Noticed hexophile's ghost (average NaWz)
  3030 | D:2      | Killed Jessica
  4192 | D:3      | Found a radiant altar of Vehumet.
  4216 | D:3      | Reached XP level 6. HP: 38/38 MP: 7/9
  4972 | D:4      | Noticed Sigmund
  4996 | D:5      | Entered Level 5 of the Dungeon
  5084 | D:5      | Noticed pulse's ghost (experienced FoBe)
  5453 | D:4      | Reached skill level 5 in Unarmed Combat
  5847 | D:5      | Found an ancient bone altar of Kikubaaqudgha.
  6263 | D:6      | Reached XP level 7. HP: 43/43 MP: 10/10
  6324 | D:6      | Found an iron altar of Okawaru.
  6354 | D:6      | Found a staircase to the Ecumenical Temple.
  6363 | Temple   | Entered the Ecumenical Temple
  6375 | Temple   | Became a worshipper of Cheibriados the Contemplative
  6390 | Temple   | Learned a level 4 spell: Ice Form
  6410 | D:6      | Reached skill level 1 in Ice Magic
  6666 | D:7      | Found Ruet Mea's Antique Weapon Shop.
  6709 | D:7      | Found a glowing golden altar of the Shining One.
  7046 | D:7      | Acquired Cheibriados's first power
  7060 | D:7      | Killed from afar by an orc priest

Vault maps used:
D:1:      tarquinn_simple_flora_water_e, serial_forest,
          infiniplex_forest_lined_room_, infiniplex_forest_straight_3,
          infiniplex_forest_zigzag_2, infiniplex_forest_clump_double,
          infiniplex_forest_zigzag_1, infiniplex_forest_lined_2,
          infiniplex_forest_lined_3_way
D:2:      uniq_jessica, uniq_iyjb
D:3:      overflow_temple_1_default, nicolae_overflow_crystal_walls
D:4:      uniq_sigmund, uniq_crazy_yiuf_cottage
D:5:      lemuel_ice_spiral_2, nicolae_overflow_hidden_temple, kennysheep_mini,
          first_bread
D:6:      minmay_temple_entry_large_hall, basic_altar, serial_park_tiny_1
D:7:      serial_shops, shop, enter_bailey_3, nicolae_tso_besieged_by_evil,
          uniq_duvessa
Temple:   triangle_lava_temple_11

Action                   |  1- 3 |  4- 6 |  7- 9 || total
-------------------------+-------+-------+-------++-------
Melee: Unarmed           |    88 |   152 |    43 ||   283
Throw: Stone             |       |    17 |     2 ||    19
 Cast: Beastly Appendage |    15 |     8 |     3 ||    26
       Spider Form       |     2 |    15 |     6 ||    23
       Sticks to Snakes  |       |     4 |     6 ||    10
  Use: Scroll            |     3 |    11 |       ||    14
       Potion            |       |       |     1 ||     1
 Stab: Sleeping          |     8 |    12 |     2 ||    22
       Distracted        |       |     2 |       ||     2
  Eat: Chunk             |     3 |    12 |     4 ||    19
       Bread ration      |       |     1 |       ||     1
